 Dungeon Crawl Stone Soup version 0.30.1-4-g462c640d31 (webtiles) character file.

Game seed: 14681620805051629136

231724 Kurtz the Peltast (level 19, -1/121 HPs)
             Began as a Tengu Fighter on Sept 18, 2023.
             Was the Champion of Okawaru.
             Killed from afar by a deep elf sorcerer (40 damage)
             ... with damnation
             ... on level 3 of the Elven Halls.
             The game lasted 01:18:10 (37075 turns).

Kurtz the Peltast (Tengu Fighter)                  Turns: 37075, Time: 01:18:11

Health: -1/121     AC: 33    Str: 29      XL:     19   Next: 51%
Magic:  2/24       EV: 22    Int: 17 (19) God:    Okawaru [******]
Gold:   784        SH: 32    Dex: 18      Spells: 18/18 levels left

rFire   + + .        T - +9 broad axe "Rixe" {vamp, rC+ Str+2 Int+2 Stlth-}
rCold   + + +        Q - +2 tower shield {rPois}
rNeg    + . .        X - +7 plate armour of Ucat {Int+2}
rPois   +            E - +2 hat of the Seven of Swords {Drain rC+ rN+ Int+3}
rElec   +            O - +0 cloak
rCorr   .            H - +1 pair of gloves {infuse}
SInv    .            (boots unavailable)
Will    .....        q - amulet of reflection Stlth
                     a - ring "Zenny" {+Blink rElec rPois rF+ Stlth-}
HPRegen 0.00/turn    b - ring "Ciuduaj" {rElec rC+ Will- Str+6 Slay+5}
MPRegen 0.19/turn

%: reflection, infuse magic (1 MP)
@: heroic, sick, flying quickly and evasively, studying Ranged Weapons, quick
A: beak, talons 3, nimble flight, agile 1, clever 1, fire resistance 1,
[deterioration 2]
}: 1/15 runes: serpentine
a: Renounce Religion, Evoke Blink, Heroism, Finesse, Duel


You were on level 3 of the Elven Halls.
You worshipped Okawaru.
Okawaru was exalted by your worship.
You visited 7 branches of the dungeon, and saw 33 of its levels.
You visited the Abyss 1 time.
You visited 1 bazaar.
You also visited: Bailey.

You collected 4594 gold pieces.
You spent 3810 gold pieces at shops.

Inventory:

Hand Weapons
 P - a +3 broad axe of venom
 T - the +9 broad axe "Rixe" (weapon) {vamp, rC+ Str+2 Int+2 Stlth-}
   (Okawaru gifted it to you on level 14 of the Dungeon)

   Str:       It affects your strength (+2).
   Int:       It affects your intelligence (+2).
   rC:        It protects you from cold.
   Stlth:     It makes you less stealthy.
Missiles
 y - 8 javelins
 B - 4 throwing nets (quivered)
Armour
 c - the +5 Storm Queen's Shield {shock, Fly rElec}
   (You bought it in a shop on level 2 of the Orcish Mines)

   Shock:     When it blocks an attack, it may electrocute the attacker.
   This works even against foes who are a short distance away.
   rElec:     It insulates you from electricity.
   Fly:       It grants you flight.
 E - the +2 hat of the Seven of Swords (worn) {Drain rC+ rN+ Int+3}
   (Okawaru gifted it to you on level 1 of the Lair of Beasts)

   Int:       It affects your intelligence (+3).
   rC:        It protects you from cold.
   rN:        It protects you from negative energy.
   Drain:     It drains your maximum health when unequipped.
 H - a +1 pair of gloves of infusion (worn)
 O - a +0 cloak (worn)
 Q - a +2 tower shield of poison resistance (worn)
 X - the +7 plate armour of Ucat (worn) {Int+2}
   (You bought it in a shop on level 1 of the Snake Pit)

   Int:       It affects your intelligence (+2).
Jewellery
 a - the ring "Zenny" (left hand) {+Blink rElec rPois rF+ Stlth-}
   (You found it on level 2 of the Shoals)

   [ring of poison resistance]

   rF:        It protects you from fire.
   rElec:     It insulates you from electricity.
   rPois:     It protects you from poison.
   +Blink:    It lets you blink.
   Stlth:     It makes you less stealthy.
 b - the ring "Ciuduaj" (right hand) {rElec rC+ Will- Str+6 Slay+5}
   (You found it on level 15 of the Dungeon)

   [ring of strength]

   Str:       It affects your strength (+6).
   Slay:      It affects your accuracy & damage with ranged weapons and melee
   (+5).
   rC:        It protects you from cold.
   rElec:     It insulates you from electricity.
   Will:      It decreases your willpower.
 j - a +4 ring of protection
 m - an amulet of regeneration
 q - an amulet of reflection (around neck)
 D - a ring of magical power
 M - a +4 ring of protection
 U - a ring of protection from cold
 Y - a ring of fire
Wands
 e - a wand of mindburst (20)
 r - a wand of quicksilver (33)
 t - a wand of roots (38)
 z - a wand of flame (80)
 F - a wand of polymorph (2)
 I - a wand of digging (5)
 J - a wand of paralysis (23)
Scrolls
 h - 5 scrolls of poison
 k - 7 scrolls of magic mapping
 n - 18 scrolls of teleportation {tele, unknown}
 s - 3 scrolls of enchant weapon
 v - a scroll of brand weapon
 x - 5 scrolls of fear
 C - 11 scrolls of blinking
 G - 9 scrolls of fog {unknown}
 W - a scroll of torment
 Z - 4 scrolls of silence
Potions
 d - 4 potions of might
 f - 16 potions of curing
 l - 5 potions of brilliance
 o - 2 potions of degeneration {unknown}
 u - a potion of berserk rage
 w - 4 potions of magic
 A - 11 potions of heal wounds
 K - 6 potions of mutation
 L - 4 potions of ambrosia
 N - 7 potions of haste
 R - a potion of cancellation {unknown}
 S - 3 potions of resistance
 V - 2 potions of invisibility
Miscellaneous
 g - a phial of floods


   Skills:
 * Level 14.3(19.3) Fighting
 - Level 18.0(23.0) Axes
 * Level 15.8(20.8) Armour
 * Level 14.1(19.1) Dodging
 * Level 20.2(25.2) Shields
 * Level 6.2 Invocations
 * Level 5.9 Evocations


You had 18 spell levels left.
You didn't know any spells.
Your spell library contained the following spells:

 Spells                   Type           Power      Damage    Failure   Level
 Apportation              Tloc           0%         N/A       71%         1
 Beastly Appendage        Tmut           0%         N/A       71%         1
 Necrotise                Necr           0%         1d4       71%         1
 Shock                    Conj/Air       0%         1d3       71%         1
 Slow                     Hex            0%         N/A       71%         1
 Sting                    Tmut/Pois      0%         1d3       71%         1
 Poisonous Vapours        Pois/Air       0%         N/A       85%         2
 Static Discharge         Conj/Air       0%         2-2/arc   85%         2
 Sublimation of Blood     Necr           0%         N/A       85%         2
 Wereblood                Tmut           0%         N/A       85%         2
 Confusing Touch          Hex            0%         N/A       97%         3
 Dazzling Flash           Conj/Hex       0%         N/A       97%         3
 Frozen Ramparts          Ice            0%         1d1       97%         3
 Gell's Gravitas          Tloc           0%         N/A       97%         3
 Hailstorm                Conj/Ice       0%         3d3       97%         3
 Ozocubu's Armour         Ice            0%         N/A       97%         3
 Spider Form              Tmut/Pois      0%         N/A       97%         3
 Swiftness                Air            0%         N/A       97%         3
 Teleport Other           Tloc           0%         N/A       97%         3
 Vampiric Draining        Necr           0%         2d6       97%         3
 Vhi's Electric Charge    Tloc/Air       0%         N/A       97%         3
 Airstrike                Air            0%         2d(0-16)  100%        4
 Ice Form                 Ice/Tmut       0%         N/A       100%        4
 Agony                    Necr           0%         N/A       100%        5
 Alistair's Intoxication  Tmut/Pois      0%         N/A       100%        5
 Arcjolt                  Conj/Air       0%         1d10      100%        5
 Borgnjor's Vile Clutch   Necr/Erth      0%         N/A       100%        5
 Freezing Cloud           Conj/Ice/Air   0%         6-21      100%        5
 Metabolic Englaciation   Hex/Ice        0%         N/A       100%        5
 Silence                  Hex/Air        0%         N/A       100%        5
 Dispersal                Tloc           0%         N/A       100%        6
 Eringya's Noxious Bog    Tmut/Pois      0%         N/A       100%        6
 Plasma Beam              Fire/Air       0%         2x1d11    100%        6
 Storm Form               Tmut/Air       0%         N/A       100%        7
 Ignition                 Fire           0%         3d3       100%        8
 Maxwell's Capacitive Co  Air            0%         ∞         100%        8
 Chain Lightning          Conj/Air       0%         N/A       100%        9
 Fire Storm               Conj/Fire      0%         5d1       100%        9
 Summon Small Mammal      Summ           Unusable   N/A       N/A         1
 Tukima's Dance           Hex            Unusable   N/A       N/A         3
 Summon Ice Beast         Ice/Summ       Unusable   N/A       N/A         4
 Summon Lightning Spire   Summ/Air       Unusable   N/A       N/A         4
 Simulacrum               Ice/Necr       Unusable   N/A       N/A         6
 Summon Hydra             Summ           Unusable   N/A       N/A         7

Dungeon Overview and Level Annotations

Branches:
Dungeon (15/15)            Temple (1/1) D:7            Lair (5/5) D:9
 Shoals (3/4) Lair:2        Snake (4/4) Lair:3        Slime (0/5) Lair:4
    Orc (2/2) D:10            Elf (3/3) Orc:2        Vaults (0/5) D:13
 Depths (0/4) D:15         Bailey (visited)

Altars:
Ashenzari
Cheibriados
Dithmenos
Elyvilon
Fedhas
Gozag
Hepliaklqana
Makhleb
Nemelex Xobeh
Okawaru
Qazlal
Ru
Sif Muna
Trog
Uskayaw
Vehumet
Wu Jian
Xom
Yredelemnul
Zin
The Shining One
Jiyva

Shops:
D:4 *   D:10 [   D:11 *   Orc:1 =   Orc:2 (:[[   Elf:1 *   Shoals:2 :
Snake:1 [[   Snake:2 [

Annotations:
D:7 exclusion: downstairs
D:14 exclusion: 2 doors
Lair:3 exclusion: downstairs


Innate Abilities, Weirdness & Mutations

You have a beak for a mouth.
You have claws for feet.
Your magical nature lets you fly swiftly and evasively.
You are agile. (Dex +4, Str/Int -1)
Your mind is acute. (Int +4, Str/Dex -1)
Your flesh is heat resistant. (rF+)
[Your body often deteriorates upon taking damage.]


Message History

You block the wraith's attack.
Unknown command.
You block the wraith's attack.
Your memory of the abyssal rune fades away.
You pass through the gate.
Welcome back to the Elven Halls!
The deep elf demonologist shouts!
You see here a +0 long sword.
You slice the wraith!!
You destroy the wraith!
Okawaru accepts your kill.
The deep elf sorcerer gestures wildly while chanting.
The deep elf sorcerer seems to speed up.
Unknown command.
The deep elf sorcerer mumbles some strange words.
The deep elf sorcerer seems to speed up.
There is an open door, spattered with blood here.
The deep elf sorcerer gestures at you while chanting.
The bolt of acid hits you!
Your body deteriorates!
You feel dopey.
You reach down and close the door.
A deep elf sorcerer opens the door.
The deep elf sorcerer attacks as you move away!
You block the deep elf sorcerer's attack.
The deep elf sorcerer attacks as you move away!
You block the deep elf sorcerer's attack.
The deep elf demonologist casts a spell.
The deep elf annihilator gestures wildly while chanting.
The deep elf annihilator blinks!
The deep elf demonologist casts a spell.
The deep elf sorcerer becomes larger for a moment.
The deep elf sorcerer casts a spell at you.
You resist the pull of the Abyss.
The deep elf sorcerer casts a spell at you.
The bolt of acid hits you!!
Your body deteriorates!
You feel dopey.
The deep elf annihilator gestures wildly while chanting.
The deep elf annihilator blinks!
The deep elf sorcerer points at you and mumbles some strange words.
The sphere of damnation explodes!
The damnation engulfs you!!!
You die...

.. #........! .# #+#
#......... .# #.#
##+####......... .# #.#
##.....#........... .# #.#
##........[......... .# #.#
##................... .####.#
##........[...........
.'....###...e.......).........
.###.§.)e..2§e..@.............
## ######..........[..........
# ##......[............. #
##................... #
##..e............... #
##................. #
##................ #
###.............. #
#..............


You could see a deep elf annihilator, 2 deep elf sorcerers and a hellion
(summoned).

Vanquished Creatures
  A bone dragon (Abyss:3)
  Rupert (Lair:3)
  A shard shrike skeleton (Abyss:3)
  The ghost of SirLogeyBear the Executioner, an adept HOBe of Trog (Elf:3)
  2 quicksilver dragons (Snake:4)
  A tentacled starspawn (Abyss:3)
  The ghost of croobank the Tortoise, an adept MiFi of Trog (Elf:1)
  A kraken (Shoals:1)
  4 nagarajas
  A deep elf sorcerer (Elf:2)
  The ghost of Kurtz the Severer, an adept TeFi of Okawaru (Snake:1)
  A deep elf elementalist (Elf:3)
  The ghost of Nolodgh the Marksdemigod, a journeyman DgHu (D:14)
  2 orc warlords
  A deep elf demonologist (Elf:1)
  2 deep elf annihilators
  3 fire dragons
  4 merfolk impalers
  Josephine (Lair:3)
  A merfolk javelineer (Shoals:2)
  3 hydras
  An ice dragon (D:13)
  A catoblepas (Lair:1)
  10 centaur warriors
  3 salamander tyrants (Snake:4)
  An ogre mage (D:15)
  4 merfolk avatars
  6 anacondas
  7 boulder beetles
  20 dancing weapons
  9 two-headed ogres
  The ghost of safid the Frost Mage, a novice MfIE of Vehumet (D:8)
  2 merfolk aquamancers
  An orc high priest (Orc:2)
  11 naga warriors
  An alligator snapping turtle (Shoals:2)
  3 death yaks (Lair:4)
  13 naga sharpshooters
  A tengu warrior (D:15)
  9 shock serpents
  A thrashing horror (Abyss:3)
  5 large abominations (Abyss:3)
  2 skysharks
  3 sun demons (Shoals:1)
  A shadow wraith (Abyss:3)
  11 deep elf knights
  4 skeletal warriors
  2 salamander mystics (Snake:4)
  A spatial maelstrom (Abyss:3)
  6 sea snakes
  A shadow demon (Abyss:3)
  2 slime creatures (D:14)
  5 deep elf archers
  7 harpies
  8 naga ritualists
  Pikel (D:4)
  5 starcursed masses (Abyss:3)
  4 orc sorcerers
  17 deep elf pyromancers
  7 manticores
  16 deep elf zephyrmancers
  17 ugly things
  7 cyclopes
  12 mana vipers
  3 fauns (Shoals:2)
  15 salamanders
  6 merfolk sirens (Shoals:2)
  Maurice (D:8)
  9 guardian serpents
  5 elephants
  15 naga magi
  40 black mambas
  A smoke demon (Abyss:3)
  7 water nymphs
  A gargoyle (D:12)
  An efreet (D:15)
  8 cane toads
  6 rime drakes
  2 unseen horrors
  A freezing wraith (Abyss:3)
  3 kobold demonologists
  8 komodo dragons
  A rime drake (shapeshifter) (D:13)
  2 ancient zymes (Abyss:3)
  6 merfolk
  5 wind drakes
  13 polar bears
  11 trolls
  3 blink frogs (Lair:4)
  2 hornets
  5 raiju
  2 dream sheep (Shoals:2)
  3 snapping turtles
  An air elemental (Elf:2)
  4 water elementals
  Sigmund (D:2)
  A vampire (D:11)
  A shadow (D:6)
  A ynoxinul (Abyss:3)
  2 basilisks
  11 wraiths
  A fire elemental (Elf:2)
  57 yaks
  4 wyverns
  A human (shapeshifter) (D:13)
  A basilisk (shapeshifter) (Abyss:3)
  Grum (Lair:1)
  2 neqoxecs (Abyss:3)
  3 steam dragons
  A chaos spawn (Abyss:3)
  A spatial vortex (Abyss:3)
  Menkaure (D:6)
  4 vampire mosquitoes (D:12)
  12 wargs
  42 nagas
  17 water moccasins
  3 acid dragons
  13 hell hounds
  10 ice beasts
  10 ogres
  39 orc warriors
  A sky beast (D:7)
  22 wolves
  13 black bears
  A boggart (shapeshifter) (D:14)
  14 centaurs
  4 phantoms
  Blork the orc (D:4)
  9 bullfrogs
  3 scorpions
  2 gnoll sergeants
  A wight (D:6)
  31 killer bees
  An electric eel (D:6)
  A howler monkey (D:5)
  A lava snake (D:9)
  3 small abominations (Abyss:3)
  A quasit (Abyss:3)
  3 hounds
  A jelly (D:6)
  A gnoll bouda (D:8)
  Crazy Yiuf (D:4)
  15 orc priests
  An iron imp (Abyss:3)
  Terence (D:2)
  An iguana (D:7)
  15 orc wizards
  A killer bee zombie (D:8)
  A centaur simulacrum (D:8)
  A spectral howler monkey (D:8)
  A howler monkey zombie (D:8)
  10 adders
  17 gnolls
  2 white imps (D:6)
  2 ufetubi
  2 worms
  A dart slug (D:2)
  59 orcs
  6 bats
  4 endoplasms
  2 giant cockroaches
  7 goblins
  9 hobgoblins
  9 jackals
  28 kobolds
  6 quokkas
  9 ball pythons
  2 frilled lizards
  5 rats
  A spectral orc (D:7)
1046 creatures vanquished.

Vanquished Creatures (others)
  A naga mage (Snake:3)
  An unseen horror (D:12)
  A gnoll (D:6)
  2 starspawn tentacles (Abyss:3)
  4 tentacles (Shoals:1)
9 creatures vanquished.

Grand Total: 1055 creatures vanquished

Notes
Turn   | Place    | Note
-------+----------+-------------------------------------------
     0 | D:1      | Kurtz the Tengu Fighter began the quest for the Orb.
     0 | D:1      | Reached XP level 1. HP: 14/14 MP: 2/2
   202 | D:1      | Reached XP level 2. HP: 19/19 MP: 3/3
   553 | D:1      | Reached XP level 3. HP: 22/23 MP: 4/4
   816 | D:2      | Found a glowing silver altar of Zin.
   948 | D:2      | Noticed Sigmund
  1058 | D:3      | Found a broken altar of Ashenzari.
  1074 | D:2      | Reached XP level 4. HP: 26/28 MP: 5/5
  1115 | D:3      | Reached skill level 5 in Axes
  1158 | D:3      | Gained mutation: Your magical nature lets you fly swiftly
                  | and evasively. [Tengu growth]
  1158 | D:3      | Reached XP level 5. HP: 32/32 MP: 6/6
  1237 | D:3      | Found a faded altar of an unknown god.
  1558 | D:4      | Found Vagepp's Elemental Accessories.
  1572 | D:4      | Noticed Blork the orc
  1586 | D:4      | Killed Blork the orc
  1587 | D:4      | Reached XP level 6. HP: 10/37 MP: 7/7
  1694 | D:4      | Found a large runed translucent door.
  1694 | D:4      | Found a large runed translucent door.
  1713 | D:4      | Found a shimmering altar of Xom.
  1830 | D:4      | Noticed Pikel
  1846 | D:4      | Killed Pikel
  1847 | D:4      | Reached XP level 7. HP: 37/41 MP: 8/8
  2370 | D:4      | Found a runed translucent door.
  2371 | D:4      | Noticed Crazy Yiuf
  2682 | D:5      | Entered Level 5 of the Dungeon
  2825 | D:4      | Reached XP level 8. HP: 39/46 MP: 9/9
  2896 | D:4      | Reached skill level 10 in Axes
  3192 | D:5      | Reached skill level 1 in Dodging
  3194 | D:5      | Identified the +2 robe of Veschi Jana {rElec rPois rF+
                  | Dex+3}
  3694 | D:6      | Reached XP level 9. HP: 44/50 MP: 10/10
  4035 | D:6      | Found a glowing golden altar of the Shining One.
  4054 | D:6      | Noticed Menkaure
  4531 | D:6      | Killed Menkaure
  4956 | D:6      | Reached XP level 10. HP: 49/56 MP: 11/11
  4999 | D:6      | Found an ornate altar of the Wu Jian Council.
  5057 | D:7      | Found a staircase to the Ecumenical Temple.
  5065 | Temple   | Entered the Ecumenical Temple
  5093 | Temple   | Became a worshipper of Warmaster Okawaru
  5203 | D:7      | Identified the +6 dagger "Xibement" {antimagic, rElec rN+++
                  | Str-4 Stlth-}
  5230 | D:7      | Reached skill level 5 in Armour
  5230 | D:7      | Reached skill level 4 in Shields
  5527 | D:7      | Found a basalt altar of Yredelemnul.
  5575 | D:7      | Found a snail-covered altar of Cheibriados.
  5767 | D:4      | Killed Crazy Yiuf
  5853 | D:2      | Killed Sigmund
  5853 | D:2      | Reached * piety under Okawaru
  5854 | D:2      | Noticed Terence
  5861 | D:2      | Killed Terence
  6415 | D:8      | Noticed Maurice
  6440 | D:8      | Found a runed translucent gate.
  6440 | D:8      | Noticed a two-headed ogre
  6488 | D:8      | Found a runed translucent gate.
  6489 | D:8      | Found a runed translucent gate.
  6493 | D:8      | Identified the +4 chain mail of Fedhas's Castigation {Harm
                  | Regen+ Int-2}
  6534 | D:8      | Killed Maurice
  6541 | D:8      | Reached skill level 5 in Dodging
  6552 | D:7      | Reached skill level 5 in Shields
  6717 | D:8      | Killed a two-headed ogre
  6717 | D:8      | Reached ** piety under Okawaru
  6718 | D:8      | Reached skill level 5 in Fighting
  6740 | D:8      | Found a flagged portal.
  6747 | D:8      | Identified the +8 hand axe "Iko Kavvott" {heavy, rElec rC+
                  | Str+5}
  6799 | Bailey   | Entered a bailey
  6936 | Bailey   | Noticed an orc warlord
  7068 | Bailey   | Reached skill level 6 in Shields
  7107 | Bailey   | Found a runed translucent gate.
  7107 | Bailey   | Found a runed translucent gate.
  7118 | Bailey   | Found a runed translucent gate.
  7309 | Bailey   | Killed an orc warlord
  7309 | Bailey   | Reached *** piety under Okawaru
  7310 | Bailey   | Reached XP level 11. HP: 64/64 MP: 12/12
  7314 | Bailey   | Identified the staff of air "Lievaot" {rElec Str+3}
  7324 | Bailey   | Got Pisiroqa's Discourse on Star-crossed Ceraunoscopy
  7340 | D:8      | Found a shadowy altar of Dithmenos.
  7550 | D:8      | Noticed safid's ghost (novice MfIE)
  7642 | D:8      | Found a white marble altar of Elyvilon.
  7768 | D:8      | Reached skill level 7 in Shields
  7879 | D:9      | Found a staircase to the Lair.
  7929 | D:9      | Reached **** piety under Okawaru
  8041 | D:9      | Reached skill level 8 in Shields
  8220 | D:9      | Found a burning altar of Makhleb.
  8221 | D:9      | Found a blossoming altar of Fedhas.
  8250 | D:9      | Found a hazy altar of Hepliaklqana.
  8566 | D:9      | Found a shimmering blue altar of Sif Muna.
  8578 | D:9      | Identified the +4 ring mail of Ukeonif {Harm Drain +Blink
                  | rElec}
  8692 | D:9      | Reached ***** piety under Okawaru
  8742 | D:10     | Entered Level 10 of the Dungeon
  8783 | D:10     | Found a sparkling altar of Nemelex Xobeh.
  8824 | D:10     | Found a staircase to the Orcish Mines.
  8826 | D:10     | Found Ruggikoa's Armour Emporium.
  8843 | D:10     | Bought a +3 chain mail of positive energy for 329 gold
                  | pieces
  8877 | D:10     | You are sucked into a shaft and drop 2 floors!
  8963 | D:12     | Noticed a deep elf pyromancer
  8970 | D:12     | Killed a deep elf pyromancer
  8970 | D:12     | Identified the +2 ring mail of Divine Compulsion {Contam
                  | rC+ Will+++ rCorr} (Okawaru gifted it to you on level 12 of
                  | the Dungeon)
  8970 | D:12     | Received a gift from Okawaru
  8977 | D:12     | Reached skill level 9 in Shields
  9005 | D:12     | Got Sif Muna's Vademecum on Vitriolic Exhalation
  9018 | D:12     | Noticed a skeletal warrior
  9018 | D:12     | Noticed a skeletal warrior
  9019 | D:12     | Noticed a skeletal warrior
  9021 | D:12     | Noticed a green ugly thing
  9079 | D:12     | Killed a green ugly thing
  9080 | D:12     | Reached XP level 12. HP: 36/72 MP: 13/13
  9713 | D:11     | Reached skill level 10 in Armour
  9713 | D:11     | Reached skill level 10 in Shields
  9713 | D:11     | Reached XP level 13. HP: 77/80 MP: 13/15
 10001 | D:11     | Found a glowing silver altar of Zin.
 10004 | D:11     | Found Zin's Purification Station.
 10887 | D:12     | Reached skill level 11 in Shields
 11629 | D:12     | Identified the +2 robe "Wyojod" {rC+ Str+2 Int-2 Dex+2}
 13163 | D:13     | Noticed an ice dragon
 13180 | D:13     | Killed an ice dragon
 13196 | D:13     | Found a gate to the Vaults.
 13338 | D:13     | Reached skill level 10 in Fighting
 13407 | D:13     | Reached XP level 14. HP: 88/88 MP: 16/16
 13416 | D:13     | Reached skill level 12 in Shields
 14072 | D:14     | Found a shimmering altar of Xom.
 14073 | D:14     | Found a shimmering altar of Xom.
 14294 | D:14     | Found a runed translucent door.
 14521 | Lair:1   | Entered Level 1 of the Lair of Beasts
 14790 | Lair:1   | Noticed Grum
 14800 | Lair:1   | Killed Grum
 14948 | Lair:1   | Reached ****** piety under Okawaru
 15008 | Lair:1   | Identified the +2 hat of the Seven of Swords {Drain rC+ rN+
                  | Int+3} (Okawaru gifted it to you on level 1 of the Lair of
                  | Beasts)
 15008 | Lair:1   | Received a gift from Okawaru
 15630 | Lair:1   | Reached skill level 13 in Shields
 16316 | Lair:2   | Found a staircase to the Shoals.
 17112 | Lair:3   | Noticed Josephine
 17432 | Lair:3   | Killed Josephine
 17448 | Lair:3   | Reached skill level 1 in Evocations
 17625 | Lair:3   | Found a staircase to the Snake Pit.
 17944 | Lair:3   | Noticed Rupert
 17956 | Lair:3   | Killed Rupert
 18408 | Lair:4   | Reached XP level 15. HP: 90/95 MP: 18/18
 18505 | Lair:4   | Reached skill level 10 in Dodging
 18649 | Lair:4   | Found a viscous altar of Jiyva.
 18654 | Lair:4   | Found a staircase to the Slime Pits.
 18888 | Lair:4   | Identified the +8 dagger of Nuse Tumi {freeze, Int+5}
 19356 | Lair:5   | Entered Level 5 of the Lair of Beasts
 19410 | Lair:4   | Received a gift from Okawaru
 19414 | Lair:4   | Reached skill level 14 in Shields
 21125 | Orc:1    | Entered Level 1 of the Orcish Mines
 21183 | Orc:1    | Received a gift from Okawaru
 21259 | Orc:1    | Found Erofoixka's Jewellery Shoppe.
 21406 | Orc:1    | Noticed an orc warlord
 21645 | D:11     | Killed an orc warlord
 22133 | Orc:2    | Entered Level 2 of the Orcish Mines
 22264 | Orc:2    | Reached skill level 15 in Shields
 22283 | Orc:2    | Found a staircase to the Elven Halls.
 22672 | Orc:2    | Gained mutation: Your mind is acute. (Int +4, Str/Dex -1)
                  | [potion of mutation]
 22672 | Orc:2    | Gained mutation: You have hidden genetic potential. [potion
                  | of mutation]
 22715 | Orc:2    | Found Fuwk's Book Shoppe.
 22715 | Orc:2    | Found Yqizad's Antique Armour Boutique.
 22715 | Orc:2    | Found Xongeane's Antique Armour Shop.
 22718 | Orc:2    | Found Plog's Antique Weapon Emporium.
 22987 | Orc:2    | Bought the +5 Storm Queen's Shield {shock, Fly rElec} for
                  | 1368 gold pieces
 22987 | Orc:2    | Found the +5 Storm Queen's Shield {shock, Fly rElec}
 23000 | Orc:2    | Bought a glowing scarf for 280 gold pieces
 23056 | Orc:2    | Found a burning altar of Makhleb.
 23366 | D:14     | Identified the +9 broad axe "Rixe" {vamp, rC+ Str+2 Int+2
                  | Stlth-} (Okawaru gifted it to you on level 14 of the
                  | Dungeon)
 23366 | D:14     | Received a gift from Okawaru
 23396 | D:14     | Reached XP level 16. HP: 101/101 MP: 20/20
 23643 | D:14     | Found a shimmering altar of Xom.
 23665 | D:14     | Found a shimmering altar of Xom.
 23689 | D:14     | Found a shimmering altar of Xom.
 23689 | D:14     | Found a shimmering altar of Xom.
 23837 | D:14     | Noticed Nolodgh's ghost (journeyman DgHu)
 23875 | D:14     | Killed Nolodgh's ghost
 24062 | D:15     | Entered Level 15 of the Dungeon
 24067 | D:15     | Reached skill level 16 in Shields
 24248 | D:15     | Reached skill level 15 in Axes
 24311 | D:15     | Received a gift from Okawaru
 24355 | D:15     | Identified the ring "Ciuduaj" {rElec rC+ Will- Str+6
                  | Slay+5}
 24448 | D:15     | Found a staircase to the Depths.
 25205 | Snake:1  | Entered Level 1 of the Snake Pit
 25433 | Snake:1  | Found a runed translucent door.
 25433 | Snake:1  | Found a shimmering altar of Xom.
 25433 | Snake:1  | Noticed Kurtz's ghost (adept TeFi)
 25674 | Snake:1  | Found Zuharich's Armour Emporium.
 25677 | Snake:1  | You are sucked into a shaft and drop 1 floor!
 25964 | Snake:2  | Received a gift from Okawaru
 26051 | Snake:2  | Gained mutation: You are agile. (Dex +4, Str/Int -1)
                  | [hidden potential]
 26250 | Snake:2  | Identified the +4 battleaxe "Rerghoeso" {heavy, Contam
                  | Str+3 Dex+3} (Okawaru gifted it to you on level 2 of the
                  | Snake Pit)
 26250 | Snake:2  | Received a gift from Okawaru
 26332 | Snake:2  | Found Aqiggiath's Antique Armour Boutique.
 26340 | Snake:2  | Reached XP level 17. HP: 100/106 MP: 21/21
 26898 | Snake:3  | Found a transporter.
 26926 | Snake:3  | Found a transporter.
 27130 | Snake:4  | Entered Level 4 of the Snake Pit
 27260 | Snake:4  | Received a gift from Okawaru
 27423 | Snake:4  | Reached skill level 17 in Shields
 27699 | Snake:4  | Received a gift from Okawaru
 27707 | Snake:4  | Identified the -2 pair of boots of Death Resistance {Str+2}
 28098 | Snake:4  | Noticed a quicksilver dragon
 28102 | Snake:4  | Noticed a quicksilver dragon
 28115 | Snake:4  | Killed a quicksilver dragon
 28116 | Snake:4  | Reached skill level 18 in Shields
 28117 | Snake:4  | Killed a quicksilver dragon
 28141 | Snake:4  | Gained mutation: Your flesh is heat resistant. (rF+)
                  | [hidden potential]
 28141 | Snake:4  | Lost mutation: You have hidden genetic potential. [hidden
                  | potential expressed]
 28215 | Snake:4  | Got a serpentine rune of Zot
 28542 | Snake:3  | Identified the +1 dagger of Demand {drain, Str+8 Int-3}
 28642 | Snake:1  | Found Wupemuib's Armour Shoppe.
 28761 | Snake:1  | Reached XP level 18. HP: 112/112 MP: 22/22
 29207 | Elf:1    | Entered Level 1 of the Elven Halls
 29371 | Elf:1    | Identified the +0 hand crossbow of Imbalance {elec, Contam
                  | SInv Stlth+} (Okawaru gifted it to you on level 1 of the
                  | Elven Halls)
 29371 | Elf:1    | Received a gift from Okawaru
 29372 | Elf:1    | Reached skill level 15 in Armour
 29606 | Elf:1    | Found a runed translucent door.
 29606 | Elf:1    | Noticed croobank's ghost (adept MiFi)
 29702 | Elf:1    | Found Leujaoj's Overcharged Wands.
 30496 | Elf:2    | Paralysed by an air elemental for 1 turns
 30536 | Elf:2    | Received a gift from Okawaru
 30622 | Elf:2    | Found a flickering gateway to a bazaar.
 30634 | Bazaar   | Entered a bazaar
 30737 | Bazaar   | Found Vehaeg's Antique Weapon Emporium.
 30749 | Bazaar   | Found Dimoppub's Antique Weapon Shoppe.
 30764 | Bazaar   | Found Paecwoen's Antique Armour Shoppe.
 30776 | Bazaar   | Found Kualuin's Antique Armour Emporium.
 30808 | Bazaar   | Bought an encrusted plate armour for 588 gold pieces
 30808 | Bazaar   | Identified the +0 plate armour "Mukleplumm" {Slay+3} (You
                  | bought it in a shop in a bazaar)
 31204 | Shoals:1 | Entered Level 1 of the Shoals
 31212 | Shoals:1 | Reached skill level 5 in Invocations
 31255 | Shoals:1 | Reached skill level 19 in Shields
 31367 | Shoals:1 | Got the Spellbook of Pyromania and the Assassin
 32599 | Shoals:2 | Identified the +1 demon whip of Candelabrum {pain, Will++
                  | rCorr Int-2} (Okawaru gifted it to you on level 2 of the
                  | Shoals)
 32599 | Shoals:2 | Received a gift from Okawaru
 32617 | Shoals:2 | Found Ymunt's Vocational Training.
 33283 | Shoals:2 | Found a runed translucent door.
 33603 | Shoals:2 | Reached skill level 5 in Evocations
 33957 | Shoals:2 | Identified the ring "Zenny" {+Blink rElec rPois rF+ Stlth-}
 34140 | Shoals:2 | Acquired 403 gold pieces
 34301 | Snake:1  | Bought the +7 plate armour of Ucat {Int+2} for 1245 gold
                  | pieces
 34414 | Snake:1  | Killed Kurtz's ghost
 34980 | D:8      | Killed safid's ghost
 35175 | Elf:1    | Killed croobank's ghost
 35259 | Elf:2    | Reached XP level 19. HP: 120/120 MP: 22/24
 35284 | Elf:2    | Found a runed translucent gate.
 35284 | Elf:2    | Found a runed translucent gate.
 35284 | Elf:2    | Found a runed translucent gate.
 35571 | Elf:2    | Identified the +0 kite shield of Distant Worlds {+Inv
                  | Str+2} (Okawaru gifted it to you on level 2 of the Elven
                  | Halls)
 35571 | Elf:2    | Received a gift from Okawaru
 36088 | Elf:3    | Entered Level 3 of the Elven Halls
 36145 | Elf:3    | Found a runed translucent door.
 36148 | Elf:3    | Noticed SirLogeyBear's ghost (adept HOBe)
 36198 | Elf:3    | Killed SirLogeyBear's ghost
 36515 | Elf:3    | Reached skill level 20 in Shields
 36515 | Abyss:3  | Cast into level 3 of the Abyss (a deep elf sorcerer)
 36744 | Abyss:3  | Found a corrupted altar of Lugonu.
 36770 | Abyss:3  | Found a corrupted altar of Lugonu.
 36770 | Abyss:3  | Found a corrupted altar of Lugonu.
 36959 | Abyss:3  | Found a corrupted altar of Lugonu.
 36979 | Abyss:3  | Found a corrupted altar of Lugonu.
 37030 | Abyss:3  | Noticed a bone dragon
 37061 | Abyss:3  | Killed a bone dragon
 37064 | Elf:3    | Escaped the Abyss
 37075 | Elf:3    | Killed from afar by a deep elf sorcerer

Illustrated notes

Levels and vault maps discovered:
D:1:      dpeg_chamrin_arrival_tetris, layout_loops_ring
D:2:      layout_basic, basic_altar, chequers_serial_rivers_large_a,
          uniq_terence, uniq_sigmund
D:3:      layout_rooms, mainiacjoe_overflow_cross_hatched,
          chequers_ecumenical_altar_simple_redux, minmay_close_crescents
D:4:      due_chaos_kobolds, layout_loops_ring, kennysheep_another_room,
          minmay_splitting_lines, hangedman_decor_lopped,
          nicolae_elemental_shop, uniq_pikel, uniq_crazy_yiuf_cottage,
          uniq_blork_the_orc
D:5:      layout_gridville, dreamdust_mushroom_princess, minmay_manual_mess
D:6:      layout_cave_pools, mainiacjoe_overflow_alcove_1,
          nzn_wu_jian_council_hall, serial_park, serial_park_fountain,
          serial_park_tiny_pond, serial_park_square3
          [serial_park_minivault_5x5_3], uniq_menkaure
D:7:      layout_rooms, kennysheep_mini_moat,
          yredelemnul_forgotten_temple_becter, minmay_temple_entry_wispy
D:8:      layout_rooms, nicolae_dithmenos_shadow_blocks, elyvilon_altar_5,
          enter_bailey_2, gammafunk_ghost_necromancy, bh_walls_and_bars,
          uniq_maurice
D:9:      layout_long_grid, nicolae_sif_muna_condensation,
          nicolae_overflow_two_pavilions, mainiacjoe_overflow_24_doors,
          hellmonk_lair_entry_icy
D:10:     layout_small_grid, nemelex_xobeh_ov_fountains_minmay, orc_david_3
D:11:     layout_roguey, zin_purify
D:12:     layout_loops_corners, minmay_mirror_moons_of_madness
D:13:     layout_gridville, david_vaults_4
D:14:     layout_roguey, ebering_ghost_reflecting_pool, xom_redecorated
D:15:     grunt_enter_depths_hoard, layout_cave_pods, nicolae_figureground_pulse
Temple:   eino_wide_crystal_templ
Lair:1:   layout_hall_layers, hangedman_lair_generics_rect, uniq_grum
Lair:2:   layout_cellular_growth, nicolae_shoals_entry_roost
Lair:3:   layout_gridlike, minmay_snake_entry_guardpost_small, uniq_rupert,
          uniq_josephine
Lair:4:   layout_cellular_growth, slime_entry_1
Lair:5:   hangedman_lair_caniforms_friends, layout_gridlike, grunt_megastairs_5,
          serial_bayou_shore_a
Shoals:1: layout_shoals, nicolae_shoals_sun_and_surf
Shoals:2: nicolae_shoals_offshore_bank_account, layout_shoals,
          nicolae_shop_vocational
Shoals:3: layout_shoals, serial_nicolae_subway, nicolae_sub_station_crystal,
          nicolae_sub_station_stone, nicolae_sub_station_metal, uniq_ilsuiw
Snake:1:  layout_grid_maze, ebering_ghost_xom, st_stairs_12, drop_trap,
          serial_bayou_pond_c, lemuel_fruit_tree, minmay_shoptagon
Snake:2:  layout_gridlike, serial_shops, nicolae_shop_overgrown_old_shop,
          nicolae_snake_mages_go_home
Snake:3:  gammafunk_the_bubble [the_bubble_gammafunk_split], layout_rooms
Snake:4:  hellmonk_snake_rune_quicksilver_temple, layout_cave_town
Orc:1:    layout_diamond_mine, serial_shops, shop
Orc:2:    st_orc_rangers, layout_diamond_mine, bloody_makhleb
Elf:1:    layout_loops_corners, gammafunk_ghost_grave, hangedman_elf_represent,
          nicolae_shop_overcharged_wands
Elf:2:    elven_hall_of_blades_hangedman_original [nicolae_blade_lattice],
          layout_loops_cross, serial_shops, bzr_firewalk
Elf:3:    minmay_elf_hall_curves, layout_gridlike,
          hellmonk_ghost_happy_afterlife, serial_shops,
          nicolae_shop_real_fake_doors

Skill      XL: |  1  2  3  4  5  6  7  8  9 10 11 12 13 14 15 16 17 18 19 |
---------------+----------------------------------------------------------+-----
Axes           | 3 4 5 7 9 12 14 18 | 18.0
Dodging        | 1 4 5 6 8 9 11 12 13 14 | 14.1
Armour         | 4 7 8 10 12 13 14 15 | 15.8
Fighting       | 6 7 8 10 11 12 13 14 | 14.3
Shields        | 6 9 10 11 13 15 16 18 19 20 | 20.2
Invocations    | 2 3 4 5 6 |  6.2
Evocations     | 1 3 5 |  5.9

Action                     |  1- 3 |  4- 6 |  7- 9 | 10-12 | 13-15 | 16-18 | 19-21 || total
---------------------------+-------+-------+-------+-------+-------+-------+-------++-------
  Melee: War axe           |    85 |    71 |       |       |       |       |       ||   156
         Kick              |    16 |    17 |    84 |    91 |   349 |   360 |   102 ||  1019
         Peck              |     9 |     9 |    44 |    54 |   245 |   242 |    53 ||   656
         Whip              |       |       |   149 |       |    19 |       |       ||   168
         Hand axe          |       |       |   145 |   318 |   966 |       |       ||  1429
         Broad axe         |       |       |       |       |     7 |   981 |   212 ||  1200
  Throw: Dart              |       |       |     1 |    17 |       |       |       ||    18
         Javelin           |       |       |       |       |     4 |       |       ||     4
         Throwing net      |       |       |       |       |     1 |       |       ||     1
 Invoke: Heroism           |       |       |       |     3 |     4 |     3 |     1 ||    11
         Finesse           |       |       |       |     1 |     1 |       |       ||     2
  Evoke: Wand              |       |     1 |     2 |     9 |    26 |       |       ||    38
         Phial of floods   |       |       |       |       |     1 |       |       ||     1
    Use: Scroll            |       |       |       |    13 |     7 |     7 |       ||    27
         Potion            |       |       |       |     2 |     4 |     1 |     1 ||     8
   Stab: Paralysed         |       |       |       |    10 |    10 |       |       ||    20
 Armour: Scale mail        |    37 |    15 |       |       |       |       |       ||    52
         Chain mail        |       |     2 |   110 |   138 |   356 |   159 |       ||   765
         Plate armour      |       |       |       |    28 |       |    34 |    25 ||    87
  Dodge: Dodged            |    53 |    20 |    69 |   150 |   576 |   268 |    29 ||  1165
  Block: Buckler           |    33 |    33 |   121 |   179 |   525 |       |       ||   891
         Reflection        |       |     2 |       |    21 |    49 |   166 |     7 ||   245
         Kite shield       |       |       |       |       |   203 |   355 |       ||   558
         Tower shield      |       |       |       |       |       |   705 |   155 ||   860
